AoeStats
← Dr_Sandman

Arabian Desert

510569046Analyzed
1v1 RM · 2d ago on Oct 1, 2026· 45m 3s· 2 players
Game mode
Random Map
Map size
Tiny (2 player)
Population
200
Speed
Normal
Resources
Standard
Victory
Conquest
Starting age
Dark Age
Ending age
Imperial Age
RankedLock teamsTeams togetherTeam positionsShared explorationLock speedFull tech treeHidden civsTurbo modeCheats
Victory
Defeat
🇧🇷 Varangians · Brazil
1814
+17
🇬🇷 Saxons · Greece
1841
-17
Crankshaft
6:39 Loom
9:18 Feudal Age
10:05 Double-Bit Axe
13:04 Bloodlines
16:49 Horse Collar
18:19 Fletching
20:27 Scale Barding Armor
21:05 Padded Archer Armor
22:18 Forging
26:53 Castle Age
27:02 Light Cavalry
28:47 Chain Barding Armor
31:29 Wheelbarrow
32:39 Husbandry
34:38 Town Watch
Dr_Sandman
6:20 Loom
8:56 Feudal Age
9:30 Double-Bit Axe
14:33 Fletching
15:42 Horse Collar
22:51 Castle Age
22:12 Gold Mining
22:24 Padded Archer Armor
22:51 Bloodlines
22:34 Town Watch
22:52 Crossbowman
23:29 Bodkin Arrow
25:43 Ballistics
30:53 Thumb Ring
34:35 Wheelbarrow
34:27 Squires
44:03 Imperial Age
44:43 Bracer
44:55 Capped Ram
Connection lost

Rejoining the realm…

Still unreachable

The connection could not be restored.

Session expired

The server has moved on; the page needs a fresh start.